[Event "Gibraltar Masters 18th"]
[Site "Gibraltar"]
[Date "2020.01.22"]
[Round "2.21"]
[White "Kobalia, Mikhail"]
[Black "Mammadzada, Gunay"]
[Result "1-0"]
[ECO "B90"]
[WhiteElo "2609"]
[BlackElo "2455"]
[PlyCount "73"]
[EventDate "2020.01.21"]
[EventType "swiss"]
[EventRounds "10"]
[EventCountry "GGB"]
[SourceTitle "BritBase"]
[Source "John Saunders"]
[SourceDate "2021.06.05"]
[SourceVersion "1"]
[SourceVersionDate "2021.06.05"]
[SourceQuality "1"]
[TimeControl "40/100:0"]
[WhiteClock "0:04:41"]
[BlackClock "0:04:25"]

1. e4 c5 2. Nf3 d6 3. d4 cxd4 4. Nxd4 Nf6 5. Nc3 a6 6. Be3 e5 7. Nb3 Be6 8. Qd2 Nbd7 9. O-O-O b5 10. f3 h5 11. Kb1 Be7 12. h4 O-O 13.
Bg5 Re8 14. a3 Rc8 15. Be2 Qb6 16. Nd5 Bxd5 17. exd5 e4 18. Rhe1 Bf8 19. Be3 Qc7 20. f4 Nb6 21. Bxb6 Qxb6 22. Qd4 Qd8 23. c4 Qd7 24. cxb5 axb5 25. g3 e3 26. Bd3 Ng4 27. Rc1 Rb8 28. Na5 g6 29. Nc6 Rb7 30. Qb4 Nf6 31. f5 gxf5 32. Qf4 Ne4 33. Rxe3 Kh7 34. Rxe4 Bh6 35. Re7 Rxe7 36. Bxf5+ Kg8 37. Nxe7+ 1-0

[Event "Gibraltar Masters 18th"]
[Site "Gibraltar"]
[Date "2020.01.22"]
[Round "2.22"]
[White "Buckels, Valentin"]
[Black "Yilmaz, Mustafa"]
[Result "0-1"]
[ECO "D78"]
[WhiteElo "2459"]
[BlackElo "2607"]
[PlyCount "58"]
[EventDate "2020.01.21"]
[EventType "swiss"]
[EventRounds "10"]
[EventCountry "GGB"]
[SourceTitle "BritBase"]
[Source "John Saunders"]
[SourceDate "2021.06.05"]
[SourceVersion "1"]
[SourceVersionDate "2021.06.05"]
[SourceQuality "1"]
[TimeControl "40/100:0"]
[WhiteClock "0:01:34"]
[BlackClock "0:16:28"]

1. d4 g6 2. c4 Bg7 3. Nf3 Nf6 4. g3 O-O 5. Bg2 c6 6. O-O d5 7. Nbd2 Bf5 8. b3 a5 9. Bb2 a4 10. Nh4 Be6 11. e3 Nbd7 12. f4 Bg4 13. Qc2 e6 14. Ndf3 Ne4 15.
Ne5 Nxe5 16. fxe5 f5 17. exf6 Nxf6 18. Ba3 Rf7 19. Bb4 Bh6 20. Bd2 Qe7 21. bxa4 Be2 22. Rfe1 Bxc4 23. Nf3 Nd7 24. e4 Bg7 25. Bc3 dxe4 26. Nd2 Bd3 27. Qb3 Nc5 28. dxc5 Qxc5+ 29. Kh1 Qxc3 0-1

[Event "Gibraltar Masters 18th"]
[Site "Gibraltar"]
[Date "2020.01.22"]
[Round "2.23"]
[White "Karthikeyan, Murali"]
[Black "Horvath, Dominik"]
[Result "1-0"]
[ECO "C93"]
[WhiteElo "2606"]
[BlackElo "2449"]
[PlyCount "135"]
[EventDate "2020.01.21"]
[EventType "swiss"]
[EventRounds "10"]
[EventCountry "GGB"]
[SourceTitle "BritBase"]
[Source "John Saunders"]
[SourceDate "2021.06.05"]
[SourceVersion "1"]
[SourceVersionDate "2021.06.05"]
[SourceQuality "1"]
[TimeControl "40/100:0"]
[WhiteClock "0:25:37"]
[BlackClock "0:20:15"]

1. e4 e5 2. Nf3 Nc6 3. Bb5 a6 4. Ba4 Nf6 5. O-O Be7 6. Re1 b5 7. Bb3 O-O 8. c3 d6 9. h3 Re8 10. d4 Bb7 11. Nbd2 Bf8 12. a3 h6 13.
Ba2 Nb8 14. Qb3 Qd7 15. Qc2 c5 16. d5 c4 17. a4 Qc7 18.
Nb1 Nbd7 19. Na3 Qa5 20. Be3 Rec8 21. Nd2 Be7 22. Rec1 Bd8 23. b4 cxb3 24. Bxb3 Nc5 25. Ra2 Nfd7 26. Qb1 Bg5 27. Bxg5 hxg5 28. Bd1 Rcb8 29. axb5 axb5 30. Be2 Nf6 31. Ra1 Bc8 32. Nxb5 Qxa1 33. Qxa1 Rxa1 34. Rxa1 Ba6 35. f3 Bxb5 36. Rb1 Na4 37. Rxb5 Rxb5 38. Bxb5 Nxc3 39. Bc6 Kf8 40. Kf2 Na2 41. Nc4 Ke7 42. Ne3 g6 43. Nc2 Nh5 44. Ke3 Nf4 45. Kd2 Nxg2 46. Bb5 Nf4 47. Bc4 Nxh3 48. Bxa2 g4 49. fxg4 Nf2 50. Ke3 Nxg4+ 51. Kf3 f5 52. Ne3 Nxe3 53. Kxe3 f4+ 54. Kf3 Kd7 55. Bc4 Kc7 56. Bb5 Kb6 57. Be8 Kc5 58. Bxg6 Kd4 59. Bf5 Kd3 60. Bh3 Kd2 61. Kf2 Kd3 62. Bg2 Kd2 63. Bh1 Kd1 64. Kf3 Kd2 65. Kg4 Ke3 66. Kf5 f3 67. Ke6 Kxe4 68. Kxd6 1-0

[Event "Gibraltar Masters 18th"]
[Site "Gibraltar"]
[Date "2020.01.22"]
[Round "2.24"]
[White "Real De Azua, Ernesto"]
[Black "Basso, Pier Luigi"]
[Result "0-1"]
[ECO "A09"]
[WhiteElo "2456"]
[BlackElo "2600"]
[PlyCount "66"]
[EventDate "2020.01.21"]
[EventType "swiss"]
[EventRounds "10"]
[EventCountry "GGB"]
[SourceTitle "BritBase"]
[Source "John Saunders"]
[SourceDate "2021.06.05"]
[SourceVersion "1"]
[SourceVersionDate "2021.06.05"]
[SourceQuality "1"]
[TimeControl "40/100:0"]
[WhiteClock "0:01:22"]
[BlackClock "0:02:36"]

1. Nf3 d5 2. c4 d4 3. b4 f6 4. Na3 e5 5. Nc2 Na6 6. Rb1 Ne7 7. d3 c6 8. g3 Nc7 9. Bg2 a5 10. a3 axb4 11. axb4 Nf5 12. O-O Be7 13. Bb2 O-O 14. Nd2 Be6 15.
Nb3 Qd7 16. Na5 Rab8 17. Qd2 Nd6 18. Rfc1 Bh3 19. Bh1 Ne6 20. e3 dxe3 21. Nxe3 Nf5 22. b5 cxb5 23. Nd5 bxc4 24. dxc4 Rfd8 25. Nb3 Bf8 26. Bc3 Qf7 27. Qe2 b6 28. Ra1 Bc5 29. Nxc5 bxc5 30. Ra6 Nfd4 31. Qd1 Kh8 32. Rca1 h6 33. Ra7 Qxa7 0-1

[Event "Gibraltar Masters 18th"]
[Site "Gibraltar"]
[Date "2020.01.22"]
[Round "2.25"]
[White "Paveto, Kevin"]
[Black "Moussard, Jules"]
[Result "0-1"]
[ECO "B58"]
[WhiteElo "2452"]
[BlackElo "2600"]
[PlyCount "72"]
[EventDate "2020.01.21"]
[EventType "swiss"]
[EventRounds "10"]
[EventCountry "GGB"]
[SourceTitle "BritBase"]
[Source "John Saunders"]
[SourceDate "2021.06.05"]
[SourceVersion "1"]
[SourceVersionDate "2021.06.05"]
[SourceQuality "1"]
[TimeControl "40/100:0"]
[WhiteClock "0:01:08"]
[BlackClock "0:10:39"]

1. e4 c5 2. Nf3 d6 3. d4 cxd4 4. Nxd4 Nf6 5. Nc3 Bd7 6. Be2 Nc6 7. Be3 e5 8. Ndb5 Be6 9. Nd5 Bxd5 10. exd5 Ne7 11. c4 a6 12. Nc3 Nf5 13.
Qa4+ Nd7 14. O-O Nxe3 15. fxe3 g6 16. Bg4 f5 17. Bh3 e4 18.
Nxe4 fxe4 19. c5 Qc7 20. Qxe4+ Ne5 21. Rac1 Bg7 22. Qa4+ Kd8 23. Qa3 Bf8 24. cxd6 Qxd6 25. Rxf8+ Qxf8 26. d6 Qf6 27. Qc5 Ke8 28. Rf1 Qg7 29. Rf4 Rf8 30. Re4 Qf6 31. Rxe5+ Kf7 32. Qd5+ Kg7 33. Re7+ Kh6 34. Qf3 Qxd6 35. Rf7 Rxf7 36. Qxf7 Rf8 0-1

[Event "Gibraltar Masters 18th"]
[Site "Gibraltar"]
[Date "2020.01.22"]
[Round "2.26"]
[White "Vaibhav, Suri"]
[Black "Bulmaga, Irina"]
[Result "1-0"]
[ECO "C54"]
[WhiteElo "2593"]
[BlackElo "2446"]
[PlyCount "53"]
[EventDate "2020.01.21"]
[EventType "swiss"]
[EventRounds "10"]
[EventCountry "GGB"]
[SourceTitle "BritBase"]
[Source "John Saunders"]
[SourceDate "2021.06.05"]
[SourceVersion "1"]
[SourceVersionDate "2021.06.05"]
[SourceQuality "1"]
[TimeControl "40/100:0"]
[WhiteClock "0:10:11"]
[BlackClock "0:00:35"]

1. e4 e5 2. Nf3 Nc6 3. Bc4 Bc5 4. c3 Nf6 5. d3 d6 6. Bg5 h6 7. Bh4 Bg4 8. h3 Be6 9. Nbd2 a5 10. Bb5 Bd7 11. O-O g5 12. Bg3 Nh5 13.
Bh2 Nf4 14. d4 Ba7 15. Bxc6 bxc6 16. dxe5 d5 17. Nd4 Bxd4 18.
cxd4 Ne6 19. Nb1 a4 20. Nc3 Ra5 21. Qd2 Qa8 22. f4 gxf4 23.
Bxf4 h5 24. Bg5 Rg8 25. Bh4 Qa7 26. Rad1 Nf8 27. Qf4 1-0

[Event "Gibraltar Masters 18th"]
[Site "Gibraltar"]
[Date "2020.01.22"]
[Round "2.27"]
[White "Atalik, Ekaterina"]
[Black "Kryakvin, Dmitry"]
[Result "1/2-1/2"]
[ECO "D19"]
[WhiteElo "2450"]
[BlackElo "2592"]
[PlyCount "115"]
[EventDate "2020.01.21"]
[EventType "swiss"]
[EventRounds "10"]
[EventCountry "GGB"]
[SourceTitle "BritBase"]
[Source "John Saunders"]
[SourceDate "2021.06.05"]
[SourceVersion "1"]
[SourceVersionDate "2021.06.05"]
[SourceQuality "1"]
[TimeControl "40/100:0"]
[WhiteClock "0:07:30"]
[BlackClock "0:30:17"]

1. d4 d5 2. c4 c6 3. Nc3 Nf6 4. Nf3 dxc4 5. a4 Bf5 6. e3 e6 7. Bxc4 Bb4 8. O-O Nbd7 9. Qe2 Bg6 10. Rd1 O-O 11. Ne5 Nxe5 12. dxe5 Nd7 13. f4 Qe7 14. Na2 Nb6 15. b3 Nxc4 16. Qxc4 Bc5 17. b4 Rad8 18. Re1 Bb6 19. a5 Bc7 20. Bb2 Bd3 21. Qb3 b6 22. Bd4 Be4 23. Nc3 Bd5 24. Nxd5 Rxd5 25. Rec1 Qd7 26. Qc4 bxa5 27. Qxc6 Bb6 28. Qxd7 Rxd7 29. Bxb6 axb6 30. bxa5 bxa5 31.
Rxa5 Rd2 32. Rac5 h5 33. R1c2 Rfd8 34. Kf1 R8d3 35. Rxd2 Rxd2 36. Rc1 g6 37. Re1 Kg7 38. Re2 Rd3 39. Kf2 Ra3 40. Rb2 Rc3 41. h3 Ra3 42. Kf3 Rc3 43. g4 hxg4+ 44. hxg4 Ra3 45. Rb7 Ra5 46. Rd7 Rb5 47. Ke4 Rb1 48. f5 gxf5+ 49. gxf5 exf5+ 50. Kxf5 Rf1+ 51. Ke4 Kf8 52. Ra7 Ke8 53. e6 fxe6 54. Ke5 Re1 55. e4 Re2 56. Ra6 Kf7 57. Ra7+ Ke8 58. Kxe6 1/2-1/2

[Event "Gibraltar Masters 18th"]
[Site "Gibraltar"]
[Date "2020.01.22"]
[Round "2.28"]
[White "Khotenashvili, Bela"]
[Black "Kadric, Denis"]
[Result "0-1"]
[ECO "E61"]
[WhiteElo "2446"]
[BlackElo "2585"]
[PlyCount "106"]
[EventDate "2020.01.21"]
[EventType "swiss"]
[EventRounds "10"]
[EventCountry "GGB"]
[SourceTitle "BritBase"]
[Source "John Saunders"]
[SourceDate "2021.06.05"]
[SourceVersion "1"]
[SourceVersionDate "2021.06.05"]
[SourceQuality "1"]
[TimeControl "40/100:0"]
[WhiteClock "0:30:54"]
[BlackClock "0:42:45"]

1. d4 d6 2. Nf3 Nf6 3. c4 g6 4. Nc3 Bf5 5. Nh4 Bd7 6. e4 Bg7 7. h3 e5 8. Nf3 exd4 9. Nxd4 Nxe4 10. Nxe4 Qe7 11. Qe2 Bxd4 12. Bg5 Qe6 13. O-O-O Bg7 14. Re1 O-O 15. Qd2 Nc6 16. Nf6+ Bxf6 17. Rxe6 Bxg5 18. Qxg5 fxe6 19. f3 Rf5 20. Qd2 Ne5 21. Kb1 Raf8 22. h4 b6 23. Be2 Rf4 24. Qc3 Bc6 25. a3 a5 26. c5 bxc5 27. Qxa5 R4f7 28. h5 Rb8 29. hxg6 Nxg6 30. Qd2 Bd5 31. Qg5 Rg7 32. Qc1 Ne5 33.
Rh2 c4 34. f4 Nd3 35. Bxd3 cxd3 36. Qe3 Rb3 37. f5 e5 38. f6 Rg6 39. g3 c5 40. Rf2 Kf7 41. Kc1 Rxg3 42. Qe1 Rh3 43. Rf1 Rh2 44. Rf2 Rh1 45.
Rf1 d2+ 46. Kxd2 Rh2+ 47. Kc1 Rhxb2 48. Qh4 Rb1+ 49. Kc2 Rxf1 50. Qxh7+ Kxf6 51. Qh4+ Ke6 52. Qh7 Rf2+ 53.
Kd1 Rb1+ 0-1

[Event "Gibraltar Masters 18th"]
[Site "Gibraltar"]
[Date "2020.01.22"]
[Round "2.29"]
[White "Xu, Xiangyu"]
[Black "Ladron De Guevara Pinto, Paolo"]
[Result "1/2-1/2"]
[ECO "D37"]
[WhiteElo "2580"]
[BlackElo "2445"]
[PlyCount "76"]
[EventDate "2020.01.21"]
[EventType "swiss"]
[EventRounds "10"]
[EventCountry "GGB"]
[SourceTitle "BritBase"]
[Source "John Saunders"]
[SourceDate "2021.06.05"]
[SourceVersion "1"]
[SourceVersionDate "2021.06.05"]
[SourceQuality "1"]
[TimeControl "40/100:0"]
[WhiteClock "0:27:03"]
[BlackClock "0:08:53"]

1. d4 d5 2. c4 e6 3. Nc3 Nf6 4. Nf3 Be7 5. Bf4 O-O 6. a3 c5 7. dxc5 Bxc5 8. cxd5 Nxd5 9. Nxd5 exd5 10. Rc1 Bb6 11. e3 Nc6 12. Bg5 Qd6 13. Be2 d4 14. O-O Qg6 15. Bd3 Bf5 16. Bxf5 Qxf5 17. exd4 Nxd4 18. Be3 Nxf3+ 19. Qxf3 Qxf3 20. gxf3 Bxe3 21.
fxe3 Rac8 22. Rfd1 f5 23. Kf2 Rxc1 24. Rxc1 Rd8 25. Kg3 Rd7 26. Kf4 g6 27. e4 fxe4 28. fxe4 Re7 29. b4 Kf7 30. b5 Kf6 31. a4 g5+ 32. Ke3 Rd7 33. Rf1+ Ke6 34. Rf5 h6 35. Rc5 Rd1 36. Rc7 Ra1 37. Rxb7 Rxa4 38. b6 axb6 1/2-1/2

[Event "Gibraltar Masters 18th"]
[Site "Gibraltar"]
[Date "2020.01.22"]
[Round "2.31"]
[White "Peralta, Fernando"]
[Black "Murzin, Volodar"]
[Result "1-0"]
[ECO "D46"]
[WhiteElo "2574"]
[BlackElo "2442"]
[PlyCount "147"]
[EventDate "2020.01.21"]
[EventType "swiss"]
[EventRounds "10"]
[EventCountry "GGB"]
[SourceTitle "BritBase"]
[Source "John Saunders"]
[SourceDate "2021.06.05"]
[SourceVersion "1"]
[SourceVersionDate "2021.06.05"]
[SourceQuality "1"]
[TimeControl "40/100:0"]
[WhiteClock "0:06:33"]
[BlackClock "1:10:58"]

1. d4 d5 2. c4 c6 3. Nf3 Nf6 4. Nc3 a6 5. e3 e6 6. Bd3 Nbd7 7. b3 Bb4 8. Bb2 O-O 9. O-O Qe7 10. Qc2 b6 11. Ne5 Bb7 12. Nxd7 Qxd7 13. Na4 Qc7 14. c5 b5 15. Nb6 Rae8 16. a4 h6 17. f4 Nd7 18. Nxd7 Qxd7 19. Bc3 Bxc3 20. Qxc3 f6 21. h4 f5 22. h5 g5 23. hxg6 Kg7 24. Kf2 h5 25.
Rh1 Rh8 26. Rh4 Rh6 27. Rah1 Reh8 28. Be2 Kxg6 29. R1h3 Qf7 30. e4 Kf6 31. e5+ Ke7 32. Qa5 Kd7 33. Qb6 Kc8 34. axb5 axb5 35. b4 Qe8 36. Ra3 R6h7 37. Rh1 Qd8 38. Qxd8+ Kxd8 39. Rh4 Bc8 40. Ra8 Ke7 41. Rxh5 Rxh5 42. Bxh5 Rxh5 43. Rxc8 Kd7 44. Rg8 Rh1 45. Rg7+ Kd8 46. Rg6 Kd7 47. g4 fxg4 48. Kg3 Ke7 49. Rg7+ Kd8 50. Rxg4 Rg1+ 51. Kh4 Rh1+ 52. Kg3 Rg1+ 53. Kh4 Rh1+ 54. Kg5 Ke7 55. f5 exf5 56. Rh4 Rg1+ 57. Kxf5 Rf1+ 58. Kg5 Rg1+ 59. Kf5 Rf1+ 60. Kg5 Rg1+ 61. Kf4 Rf1+ 62. Ke3 Re1+ 63. Kd2 Rb1 64. Rh7+ Ke8 65. Rc7 Rxb4 66. Kc3 Rc4+ 67. Kd3 b4 68. Rxc6 Rc3+ 69. Kd2 Rh3 70. Rd6 Rc3 71. Rxd5 Rc4 72. c6 b3 73. Kd3 b2 74. Rb5 1-0

[Event "Gibraltar Masters 18th"]
[Site "Gibraltar"]
[Date "2020.01.22"]
[Round "2.32"]
[White "Panjwani, Raja"]
[Black "Ramirez, Alejandro"]
[Result "1/2-1/2"]
[ECO "D27"]
[WhiteElo "2444"]
[BlackElo "2574"]
[PlyCount "48"]
[EventDate "2020.01.21"]
[EventType "swiss"]
[EventRounds "10"]
[EventCountry "GGB"]
[SourceTitle "BritBase"]
[Source "John Saunders"]
[SourceDate "2021.06.05"]
[SourceVersion "1"]
[SourceVersionDate "2021.06.05"]
[SourceQuality "1"]
[TimeControl "40/100:0"]
[WhiteClock "0:43:20"]
[BlackClock "0:52:30"]

1. Nf3 d5 2. d4 Nf6 3. c4 e6 4. e3 a6 5. Nc3 dxc4 6. a4 c5 7. Bxc4 Nc6 8. O-O Be7 9. Qe2 O-O 10. Rd1 Qc7 11. dxc5 Bxc5 12. b3 Na5 13. Nd2 Bd7 14. Bb2 Nxc4 15. Nxc4 b5 16. axb5 axb5 17. Nxb5 Bxb5 18. Bxf6 gxf6 19. Qg4+ Kh8 20. Qf3 Rxa1 21.
Qxf6+ Kg8 22. Qg5+ Kh8 23. Qf6+ Kg8 24. Qg5+ Kh8 1/2-1/2

[Event "Gibraltar Masters 18th"]
[Site "Gibraltar"]
[Date "2020.01.22"]
[Round "2.33"]
[White "Sanal, Vahap"]
[Black "Sardana, Rishi"]
[Result "1/2-1/2"]
[ECO "B35"]
[WhiteElo "2569"]
[BlackElo "2437"]
[PlyCount "114"]
[EventDate "2020.01.21"]
[EventType "swiss"]
[EventRounds "10"]
[EventCountry "GGB"]
[SourceTitle "BritBase"]
[Source "John Saunders"]
[SourceDate "2021.06.05"]
[SourceVersion "1"]
[SourceVersionDate "2021.06.05"]
[SourceQuality "1"]
[TimeControl "40/100:0"]

1. e4 c5 2. Nc3 Nc6 3. Nge2 g6 4. d4 cxd4 5. Nxd4 Bg7 6. Be3 Nf6 7. Bc4 Qa5 8. O-O O-O 9. Bb3 d6 10. h3 Bd7 11. Re1 Rac8 12. Nf3 Ne5 13.
Nd2 b5 14. a4 b4 15. Nd5 Rfe8 16. f4 Nc6 17. Nc4 Qd8 18. Nxf6+ Bxf6 19. e5 dxe5 20. Nxe5 Bxe5 21. fxe5 Bf5 22. a5 Qxd1 23. Rexd1 Nxe5 24. Bxa7 Bxc2 25. Bxc2 Rxc2 26. a6 Nc6 27. Bb6 Ra8 28. Rd7 b3 29. Rc7 Nb4 30. a7 Rxb2 31. Bd4 Rc2 32. Rxe7 b2 33. Rae1 Rc1 34. Bxb2 Rxe1+ 35. Rxe1 Nd3 36. Re2 Nxb2 37. Rxb2 Rxa7 38. h4 h6 39. g3 Ra3 40. Kg2 Kg7 41. Rb6 Re3 42. Kf2 Re6 43. Rb5 Kf6 44. Ra5 Re5 45.
Ra7 Ke6 46. Kf3 h5 47. Rb7 Ra5 48. Kf2 f6 49. Kg2 Kf5 50. Rb2 Ra4 51. Kf3 Ra3+ 52. Kg2 Ke4 53. Rb4+ Ke3 54. Rb6 Ra2+ 55. Kg1 Ra1+ 56. Kg2 Ra2+ 57. Kg1 Ra1+ 1/2-1/2

[Event "Gibraltar Masters 18th"]
[Site "Gibraltar"]
[Date "2020.01.22"]
[Round "2.34"]
[White "Womacka, Mathias"]
[Black "Yuffa, Daniil"]
[Result "0-1"]
[ECO "B92"]
[WhiteElo "2439"]
[BlackElo "2566"]
[PlyCount "52"]
[EventDate "2020.01.21"]
[EventType "swiss"]
[EventRounds "10"]
[EventCountry "GGB"]
[SourceTitle "BritBase"]
[Source "John Saunders"]
[SourceDate "2021.06.05"]
[SourceVersion "1"]
[SourceVersionDate "2021.06.05"]
[SourceQuality "1"]
[TimeControl "40/100:0"]
[WhiteClock "0:01:07"]
[BlackClock "0:35:36"]

1. e4 c5 2. Nf3 d6 3. d4 cxd4 4. Nxd4 Nf6 5. Nc3 a6 6. Be2 e5 7. Nb3 Be7 8. O-O O-O 9. Qd3 Be6 10. Bd2 Nbd7 11. Nd5 Bxd5 12. exd5 Re8 13. c4 a5 14. Rac1 a4 15. Na1 Nc5 16. Qh3 Nfe4 17. Be3 Bg5 18. Nc2 Bxe3 19. Qxe3 f5 20. Na3 f4 21. Qh3 Rf8 22. Nb5 Rf6 23. Qa3 Rg6 24. Rc2 Qh4 25. b4 Nb3 26. Bf3 Ned2 0-1

[Event "Gibraltar Masters 18th"]
[Site "Gibraltar"]
[Date "2020.01.22"]
[Round "2.35"]
[White "Antipov, Mikhail Al."]
[Black "Rakotomaharo, Fy Antenaina"]
[Result "1-0"]
[ECO "D90"]
[WhiteElo "2562"]
[BlackElo "2433"]
[PlyCount "43"]
[EventDate "2020.01.21"]
[EventType "swiss"]
[EventRounds "10"]
[EventCountry "GGB"]
[SourceTitle "BritBase"]
[Source "John Saunders"]
[SourceDate "2021.06.05"]
[SourceVersion "1"]
[SourceVersionDate "2021.06.05"]
[SourceQuality "1"]
[TimeControl "40/100:0"]
[WhiteClock "0:49:55"]
[BlackClock "0:06:22"]

1. d4 Nf6 2. c4 g6 3. Nc3 d5 4. Nf3 Bg7 5. h4 c6 6. cxd5 cxd5 7. Bf4 Nc6 8.
e3 O-O 9. Qb3 Qa5 10. Be2 Qb4 11. Ne5 a5 12. O-O Bf5 13. Rfc1 Rfc8 14. Qd1 Nd8 15. g4 Be6 16. Na4 Rxc1 17. Rxc1 Ne4 18. Nd3 Qd2 19. Qxd2 Nxd2 20. Nb6 Ra7 21. Nc5 Nc6 22. Rd1 1-0

[Event "Gibraltar Masters 18th"]
[Site "Gibraltar"]
[Date "2020.01.22"]
[Round "2.36"]
[White "Krishna, C R G."]
[Black "Aryan, Chopra"]
[Result "1/2-1/2"]
[ECO "E65"]
[WhiteElo "2436"]
[BlackElo "2562"]
[PlyCount "169"]
[EventDate "2020.01.21"]
[EventType "swiss"]
[EventRounds "10"]
[EventCountry "GGB"]
[SourceTitle "BritBase"]
[Source "John Saunders"]
[SourceDate "2021.06.05"]
[SourceVersion "1"]
[SourceVersionDate "2021.06.05"]
[SourceQuality "1"]
[TimeControl "40/100:0"]
[WhiteClock "0:14:47"]
[BlackClock "0:07:57"]

1. d4 Nf6 2. c4 g6 3. g3 Bg7 4. Bg2 O-O 5. Nc3 d6 6. Nf3 c5 7. dxc5 dxc5 8.
O-O Nc6 9. Qa4 Bd7 10. Be3 Na5 11. Qc2 Nxc4 12. Bxc5 Rc8 13. Bd4 Qa5 14. Rfd1 Bf5 15. e4 Bg4 16. e5 Nd7 17. b4 Qxb4 18. Nd5 Qa3 19. Rd3 Ncxe5 20. Rxa3 Rxc2 21. Ne3 Nxf3+ 22. Bxf3 Bxd4 23. Nxc2 Bxa1 24. Bxg4 Ne5 25. Be2 Rc8 26. Nxa1 Rc1+ 27. Kg2 Rxa1 28. Rxa7 e6 29. Bb5 g5 30. h3 h5 31. Be2 h4 32. Ra5 f6 33. gxh4 gxh4 34. Ra4 Kg7 35.
Bc4 Nxc4 36. Rxc4 Rxa2 37. Rc7+ Kg6 38. Rxb7 e5 39. Rb4 Kg5 40. Rg4+ Kh5 41. Re4 Rd2 42. Rg4 f5 43. Rg8 e4 44. Kf1 Rc2 45. Kg1 Rc6 46. Kf1 Kh6 47. Ra8 Kg5 48. Ra4 Kf4 49. Kg2 Rg6+ 50. Kf1 Rd6 51. Kg2 Rd2 52. Rb4 Ke5 53. Rb8 f4 54. Re8+ Kd4 55. Kf1 e3 56. fxe3+ fxe3 57. Ke1 Ra2 58. Re7 Kd3 59. Rd7+ Ke4 60. Rf7 Ra1+ 61. Ke2 Ra2+ 62. Ke1 Rh2 63. Re7+ Kf3 64. Rf7+ Kg3 65. Re7 Kf3 66. Rf7+ Kg2 67. Ke2 Rxh3 68. Rh7 Kg1 69. Ke1 Rh2 70. Rh8 h3 71. Rh7 Rh1 72. Ke2 Rh2+ 73. Ke1 Rh1 74. Ke2 Kg2 75. Rg7+ Kh2 76. Kxe3 Rg1 77. Rh7 Kg2 78. Rg7+ Kf1 79. Rf7+ Ke1 80. Ra7 Rg3+ 81. Kf4 Rd3 82. Ra1+ Ke2 83. Ra2+ Rd2 84. Rxd2+ Kxd2 85. Kg3 1/2-1/2

[Event "Gibraltar Masters 18th"]
[Site "Gibraltar"]
[Date "2020.01.22"]
[Round "2.37"]
[White "Mendonca, Leon Luke"]
[Black "Lalith, Babu M R"]
[Result "1/2-1/2"]
[ECO "E90"]
[WhiteElo "2417"]
[BlackElo "2558"]
[PlyCount "67"]
[EventDate "2020.01.21"]
[EventType "swiss"]
[EventRounds "10"]
[EventCountry "GGB"]
[SourceTitle "BritBase"]
[Source "John Saunders"]
[SourceDate "2021.06.05"]
[SourceVersion "1"]
[SourceVersionDate "2021.06.05"]
[SourceQuality "1"]
[TimeControl "40/100:0"]
[WhiteClock "0:00:59"]
[BlackClock "0:32:47"]

1. d4 Nf6 2. c4 g6 3. Nc3 Bg7 4. e4 d6 5. h3 O-O 6. Be3 c5 7. Nf3 cxd4 8.
Nxd4 b6 9. g4 Bb7 10. Bg2 Nbd7 11. O-O Nc5 12. Qc2 e5 13. Nde2 Ne6 14. Rad1 Ne8 15. f4 exf4 16. Nxf4 N8c7 17. Nfd5 Be5 18. Qf2 f6 19. Qd2 Rc8 20. b3 Rf7 21. Rf2 Qf8 22. Rdf1 Nc5 23. g5 Nxd5 24. Nxd5 Bxd5 25. Qxd5 Na6 26. h4 Nc7 27. Qd1 Qe7 28. gxf6 Qe6 29. Bg5 Rcf8 30. Bh6 Re8 31. Bg5 Ref8 32. Bh6 Re8 33. Bg5 Ref8 34. Bh6 1/2-1/2

[Event "Gibraltar Masters 18th"]
[Site "Gibraltar"]
[Date "2020.01.22"]
[Round "2.38"]
[White "Maze, Sebastien"]
[Black "Chen, Qi B"]
[Result "1/2-1/2"]
[ECO "C67"]
[WhiteElo "2550"]
[BlackElo "2432"]
[PlyCount "81"]
[EventDate "2020.01.21"]
[EventType "swiss"]
[EventRounds "10"]
[EventCountry "GGB"]
[SourceTitle "BritBase"]
[Source "John Saunders"]
[SourceDate "2021.06.05"]
[SourceVersion "1"]
[SourceVersionDate "2021.06.05"]
[SourceQuality "1"]
[TimeControl "40/100:0"]
[WhiteClock "0:01:32"]
[BlackClock "0:03:29"]

1. e4 e5 2. Nf3 Nc6 3. Bb5 Nf6 4. O-O Nxe4 5. d4 Nd6 6.
Bxc6 dxc6 7. dxe5 Nf5 8. Qxd8+ Kxd8 9. h3 Ke8 10. Nc3 h5 11.
Ne2 b6 12. Re1 Be6 13. Bg5 Be7 14. Nf4 Rd8 15. Rad1 Rxd1 16. Rxd1 Bc8 17. Bxe7 Nxe7 18. Ng5 Rh6 19. g3 Be6 20. h4 a5 21. Ngxe6 fxe6 22. Kg2 Ng6 23. Nxg6 Rxg6 24. f3 Rh6 25. Kh3 Rh8 26. g4 c5 27. a4 Ke7 28. Kg3 Rf8 29. c4 Rh8 30. Rd3 Rh6 31. b3 Ke8 32. Rd2 Rh8 33.
Rh2 Rf8 34. gxh5 Rf5 35. h6 gxh6 36. f4 Ke7 37. h5 Ke8 38.
Rh4 Kf7 39. Kf3 Kf8 40. Kf2 Kf7 41. Kg2 1/2-1/2

[Event "Gibraltar Masters 18th"]
[Site "Gibraltar"]
[Date "2020.01.22"]
[Round "2.39"]
[White "Merario Alarcon, Andres"]
[Black "Ibarra Jerez, Jose Carlos"]
[Result "0-1"]
[ECO "A40"]
[WhiteElo "2412"]
[BlackElo "2548"]
[PlyCount "50"]
[EventDate "2020.01.21"]
[EventType "swiss"]
[EventRounds "10"]
[EventCountry "GGB"]
[SourceTitle "BritBase"]
[Source "John Saunders"]
[SourceDate "2021.06.05"]
[SourceVersion "1"]
[SourceVersionDate "2021.06.05"]
[SourceQuality "1"]
[TimeControl "40/100:0"]
[WhiteClock "0:02:13"]
[BlackClock "0:16:08"]

1. d4 g6 2. e4 Bg7 3. c4 e6 4. Nc3 Ne7 5. Nf3 d5 6. Bd3 dxe4 7. Bxe4 Nbc6 8.
Be3 O-O 9. O-O Na5 10. Qa4 c5 11. dxc5 Bd7 12. Qb4 f5 13. Bd3 e5 14. Rad1 Nac6 15. Qxb7 Rb8 16. Qa6 e4 17. Nxe4 fxe4 18. Bxe4 Rxb2 19. Rd6 Qe8 20. Rfd1 Nb4 21. Qxa7 Nc8 22. Qb7 Nxd6 23. cxd6 Bc6 24. Bxc6 Nxc6 25. Qa6 Qa8 0-1

[Event "Gibraltar Masters 18th"]
[Site "Gibraltar"]
[Date "2020.01.22"]
[Round "2.40"]
[White "Ali Marandi, Cemil Can"]
[Black "Low, Zhen Yu Cyrus"]
[Result "1/2-1/2"]
[ECO "D72"]
[WhiteElo "2546"]
[BlackElo "2415"]
[PlyCount "92"]
[EventDate "2020.01.21"]
[EventType "swiss"]
[EventRounds "10"]
[EventCountry "GGB"]
[SourceTitle "BritBase"]
[Source "John Saunders"]
[SourceDate "2021.06.05"]
[SourceVersion "1"]
[SourceVersionDate "2021.06.05"]
[SourceQuality "1"]
[TimeControl "40/100:0"]
[WhiteClock "0:41:45"]
[BlackClock "0:47:25"]

1. d4 Nf6 2. c4 g6 3. g3 Bg7 4. Bg2 d5 5. cxd5 Nxd5 6. e4 Nb6 7. Ne2 c5 8. d5 e6 9. O-O exd5 10. exd5 O-O 11. Nec3 Na6 12. Bf4 h5 13. Nd2 Bf5 14. Nde4 Qd7 15. Bh6 Rac8 16. Re1 Rfe8 17. Bxg7 Kxg7 18. b3 Rcd8 19. d6 Nc8 20. Nxc5 Rxe1+ 21. Qxe1 Nxc5 22. Qe5+ Kg8 23. Qxc5 Qxd6 24. Qe3 b6 25. Nd5 Be6 26. Nf4 Bf5 27. Bf3 Qc5 28. Qxc5 bxc5 29. Rc1 Rd2 30. Rxc5 Rxa2 31. h3 Nd6 32. Re5 Kg7 33. Kg2 Rb2 34. Re3 Bc8 35. Rd3 Nf5 36. Rc3 Ba6 37. Bd5 Rd2 38. Be4 Nd6 39. Bf3 Bb7 40. Bxb7 Nxb7 41. Rc7 Nd6 42. Ne6+ Kg8 43. Ng5 Rd5 44. h4 Rb5 45. Rxa7 Rxb3 46. Rd7 Rb6 1/2-1/2